 Dungeon Crawl Stone Soup version 0.30-a0-509-gd016549fea (webtiles) character file.

Game seed: 6374880795747591188

114 xian the Cudgeller (level 4, -2/42 HPs)
             Began as a Troll Gladiator on Dec 23, 2022.
             Slain by an orc warrior
             ... wielding a +0 glaive
              (7 damage)
             ... on level 3 of the Dungeon.
             The game lasted 00:08:34 (1932 turns).

xian the Cudgeller (Troll Gladiator)                Turns: 1932, Time: 00:08:34

Health: -2/42      AC:  4    Str: 30    XL:     4   Next: 67%
Magic:  3/3        EV: 14    Int:  4    God:
Gold:   119        SH:  0    Dex: 11    Spells: 3/3 levels left

rFire   . . .      SeeInvis .    a - +0 flail
rCold   . . .      Faith    .    (no shield)
rNeg    . . .      Spirit   .    b - +0 robe
rPois   .          Reflect  .    c - +0 hat
rElec   .          Harm     .    (no cloak)
rCorr   .          Rampage  .    (gloves unavailable)
Will    .....                    (boots unavailable)
Stlth   +.........               (no amulet)
HPRegen 1.07/turn                h - +6 ring of strength
MPRegen 0.08/turn                m - +4 ring of evasion

@: no status effects
A: large, unfitting armour, claws 3, regeneration 1, shaggy fur 1, tough skin 1
a: no special abilities


You were on level 3 of the Dungeon.
You visited 1 branch of the dungeon, and saw 4 of its levels.

You collected 119 gold pieces.

Inventory:

Hand Weapons
 a - a +0 flail (weapon)
Missiles
 d - 3 throwing nets
 e - a large rock (quivered)
 i - 10 stones
 j - 8 poisoned darts
Armour
 b - a +0 robe (worn)
 c - a +0 hat (worn)
Magical Staves
 f - a staff of death
Jewellery
 h - a +6 ring of strength (left claw)
 m - a +4 ring of evasion (right claw)
 n - a ring of protection from fire
Scrolls
 k - a scroll of teleportation {unknown}
 l - 2 scrolls of amnesia {unknown}
 o - a scroll of immolation {unknown}
 p - a scroll of enchant armour {unknown}
 s - a scroll of poison {unknown}
 t - a scroll of blinking {unknown}
Potions
 g - a potion of flight {unknown}
 q - a potion of attraction {unknown}
 r - a potion of heal wounds {unknown}


   Skills:
 + Level 2.0 Fighting
 + Level 4.0 Maces & Flails
 + Level 2.1 Throwing
 + Level 3.0 Dodging


You had 3 spell levels left.
You didn't know any spells.
Your spell library contained the following spells:

 Spells                   Type           Power      Damage    Failure   Level
 Cigotuvi's Dreadful Rot  Necr/Pois/Air  0%         N/A       65%         2
 Poisonous Vapours        Pois/Air       0%         N/A       65%         2
 Mephitic Cloud           Conj/Pois/Air  0%         N/A       86%         3


Dungeon Overview and Level Annotations

Branches:
Dungeon (4/15)
 Temple: D:4-7

Altars:


Innate Abilities, Weirdness & Mutations

You are too large for most types of armour.
You have claws for hands.
Your natural rate of healing is unusually fast.
You are covered in fur. (AC +1)
You have tough skin. (AC +1)


Message History

The jackal misses you.
There is a stone staircase leading down, spattered with blood here.
You miss the frilled lizard. The jackal barely misses you.
The frilled lizard closely misses you. The jackal completely misses you.
The jackal bites you.
You closely miss the frilled lizard. The jackal barely misses you.
The jackal misses you.
The frilled lizard bites you but does no damage.
The jackal bites you. The jackal barely misses you.
The frilled lizard bites you but does no damage.
Unknown command.
You barely miss the frilled lizard. The jackal closely misses you.
The jackal misses you. The frilled lizard misses you.
The jackal bites you but does no damage.
Unknown command.
You sock the jackal!
You kill the jackal!
The jackal barely misses you.
The jackal bites you but does no damage.
The frilled lizard closely misses you. The jackal barely misses you.
The frilled lizard closely misses you.
Things that are here:
a +0 chain mail; a +0 falchion; a jackal corpse The jackal closely misses you.
The orc warrior barely misses you. The jackal misses you.
You hit the frilled lizard.
You kill the frilled lizard!
The jackal barely misses you.
The orc warrior hits you from afar with a +0 glaive!
The jackal barely misses you.
The orc warrior hits you from afar with a +0 glaive!
The jackal completely misses you.
Things that are here:
a +0 chain mail; a +0 falchion; a jackal corpse You sock the jackal!
You kill the jackal!
The orc warrior hits you from afar with a +0 glaive!
* * * LOW HITPOINT WARNING * * *
The orc warrior hits you from afar with a +0 glaive!
You die...

###.### ....
#.....# .....
#.....# .....
..... ...... ...
...... #.###......
########.#@)......
#........)[..#.###
#.......o....#
#..............#
#...........##...#
#..............#.#
#........#.#.### #
#.......##.#.#
#.........####


You could see an orc warrior.

Vanquished Creatures
  Robin (D:2)
  4 adders
  A worm (D:2)
  2 dart slugs
  2 orcs (D:3)
  4 endoplasms (D:2)
  4 giant cockroaches
  5 goblins (D:2)
  9 hobgoblins
  2 jackals (D:3)
  3 quokkas
  2 ball pythons (D:1)
  5 bats
  6 frilled lizards
  4 kobolds
  4 rats
58 creatures vanquished.

Notes
Turn   | Place    | Note
-------+----------+-------------------------------------------
     0 | D:1      | xian the Troll Gladiator began the quest for the Orb.
     0 | D:1      | Reached XP level 1. HP: 19/19 MP: 0/0
   132 | D:1      | Reached skill level 3 in Maces & Flails
   306 | D:1      | Reached XP level 2. HP: 27/27 MP: 1/1
   882 | D:2      | Reached XP level 3. HP: 35/35 MP: 2/2
  1102 | D:2      | Noticed Robin
  1110 | D:2      | Killed Robin
  1373 | D:2      | Reached XP level 4. HP: 38/42 MP: 3/3
  1848 | D:3      | Noticed an orc warrior
  1887 | D:3      | Reached skill level 4 in Maces & Flails
  1932 | D:3      | Slain by an orc warrior

Illustrated notes

Levels and vault maps discovered:
D:1:      spicycebolla_arrival_risky_transporter, layout_basic
D:2:      layout_basic, uniq_robin
D:3:      kennysheep_goblin_castle, layout_basic, elyvilon_altar_3,
          hellmonk_ecumenical_altar_lost_god
D:4:      layout_basic, ashenzari_altar_1, kennysheep_slug_shrine,
          serial_demonic, serial_demonic_a, serial_demonic_e, serial_demonic_g,
          serial_demonic_e, minmay_misc_feat_ornament

Skill      XL: |  1  2  3  4 |
---------------+-------------+-----
Maces & Flails | 3 4 |  4.0
Throwing       | 2 |  2.1
Dodging        | 3 |  3.0
Fighting       | 2 |  2.0

Action                   |  1- 3 |  4- 6 || total
-------------------------+-------+-------++-------
Melee: Flail             |   117 |    70 ||   187
       Punch             |       |     1 ||     1
Armor: Robe              |    49 |    19 ||    68
Dodge: Dodged            |    73 |    94 ||   167

Table legend: (Time is in decaauts)
 A = Elapsed time spent in this place.
 B = Non-inter-level travel time spent in this place.
 C = Inter-level travel time spent in this place.
 D = Time resting spent in this place.
 E = Time spent auto-exploring this place.
 F = Levels seen in this place.
 G = Mean time per level.
                   A        B        C        D        E       F      G
               +--------+--------+--------+--------+--------+-----+--------+
         Total |   1975 |   1954 |     21 |     10 |   1287 |   4 |  493.8 |
       Dungeon |   1975 |   1954 |     21 |     10 |   1287 |   4 |  493.8 |
               +--------+--------+--------+--------+--------+-----+--------+

Top non-repeatable levels by time:
     D:2: 959 daAuts
     D:1: 829 daAuts
     D:3: 141 daAuts
     D:4: 45 daAuts
